 Dungeon Crawl Stone Soup version 0.31.0-9-g3a7656b989 (webtiles) character file.

Game seed: 12332167008966212706

438 qw the Shooter (level 6, -6/51 HPs)
             Began as a Demigod Hunter on Feb 2, 2024.
             Mangled by a gnoll
             ... wielding a +1 flail of protection
             ... led by a gnoll sergeant
              (8 damage)
             ... on level 5 of the Dungeon.
             The game lasted 00:00:15 (3005 turns).

qw the Shooter (Demigod Hunter)                     Turns: 3005, Time: 00:00:15

Health: -6/51      AC:  9    Str: 12    XL:     6   Next: 41%
Magic:  8/8        EV: 12    Int: 11    God:
Gold:   155        SH:  0    Dex: 31    Spells: 5/5 levels left

rFire   . . .        a - +0 shortbow
rCold   . . .        (shield currently unavailable)
rNeg    . . .        f - +0 ring mail
rPois   .            (no helmet)
rElec   .            l - +0 cloak
rCorr   .            h - +2 pair of gloves
SInv    .            (no boots)
Will    .....        (no amulet)
Stlth   ++           e - +6 ring of dexterity
HPRegen 0.28/turn    (no ring)
MPRegen 0.11/turn

%: no passive effects
@: about to teleport
A: high MP 1, forlorn, divine attributes
a: no special abilities


You were on level 5 of the Dungeon.
You visited 1 branch of the dungeon, and saw 5 of its levels.

You collected 155 gold pieces.


Innate Abilities, Weirdness & Mutations

You have an increased reservoir of magic. (+10% MP)
You shall have no god before yourself.
Your divine heritage dramatically boosts your attributes as you level up.


   Skills:
 - Level 3.0 Fighting
 - Level 6.5 Ranged Weapons
 - Level 1.2 Armour
 + Level 2.4 Dodging
 - Level 0.8 Stealth


You had 5 spell levels left.
You didn't know any spells.
Your spell library was empty.

Inventory:

Hand Weapons
 a - a +0 shortbow (weapon)
Armour
 f - a +0 ring mail (worn)
 h - a +2 pair of gloves (worn)
 i - a +0 helmet
 l - a +0 cloak (worn)
Jewellery
 e - a +6 ring of dexterity (left hand)
Potions
 b - 3 potions of resistance
 d - a potion of curing
 g - a potion of enlightenment
 j - a potion of might {unknown}
 k - a potion of haste {unknown}

Dungeon Overview and Level Annotations

Branches:
Dungeon (5/15)             Temple (0/1) D:5

Shops:
D:4 (

Annotations:
D:4 3 runed translucent doors, qw's ghost, amateur GrHu


Message History

As you read the scroll of teleportation, it crumbles to dust.
You feel strangely unstable.
The black bear bites you but does no damage.
The black bear barely misses you.
The black bear claws you but does no damage.
The shadow imp hits you but does no damage.
The orc hits you but does no damage.
You shoot an arrow. The arrow hits the black bear!
The black bear is severely wounded.
The black bear bites you but does no damage.
The black bear barely misses you.
The black bear claws you but does no damage.
The shadow imp misses you.
The ufetubus hits you but does no damage.
The ufetubus closely misses you. The orc closely misses you.
The black bear goes berserk!
Enter note:
3003 ||| RETREEEEATING.
Your surroundings suddenly seem different.
A gnoll sergeant, 5 gnolls and a hound come into view.
A gnoll is wielding a +1 flail of protection and quivering a throwing net.
A gnoll is wielding a +0 club and quivering a throwing net.
Found a dagger.
Found a stone staircase leading down and a staircase to the Ecumenical Temple.
The gnoll sergeant shouts!
The gnoll shouts! x3
The gnoll hits you with a +0 flail. The gnoll sergeant barely misses you.
The hound moves out of view.
You hear a bark!
3004 ||| READING scroll of teleportation.
As you read the scroll of teleportation, it crumbles to dust.
You feel strangely unstable.
The gnoll shouts!
The gnoll hits you with a +0 flail.
The gnoll sergeant hits you but does no damage.
The gnoll hits you but does no damage.
You shoot an arrow. The arrow hits the gnoll.
The gnoll is heavily wounded.
The gnoll misses you.
The gnoll sergeant hits you but does no damage.
The gnoll hits you with a +1 flail of protection!
You die...

... .. ..# ..
... ..## .##...
... >#....
..###......
.......... .
.........
....###........
#...g.g@g......
.#...ggg.......
####..........
##.........
...#......
...###.##)~ .>.
.# ~ #... ..


You could see a gnoll sergeant and 5 gnolls.

Vanquished Creatures
  Eustachio (D:4)
  A black bear (D:5)
  A hound (D:5)
  An orc priest (D:5)
  An orc wizard (D:4)
  4 gnolls (D:4)
  2 adders
  A ribbon worm (D:2)
  A dart slug (D:5)
  4 orcs
  3 endoplasms
  3 giant cockroaches
  7 goblins
  11 hobgoblins
  4 jackals (D:2)
  4 kobolds
  5 ball pythons
  A bat (D:2)
  3 frilled lizards
  4 rats
62 creatures vanquished.

Notes
Turn   | Place    | Note
-------+----------+-------------------------------------------
     0 | D:1      | qw the Demigod Hunter began the quest for the Orb.
     0 | D:1      | Reached XP level 1. HP: 17/17 MP: 3/3
     0 | D:1      | 0 ||| qw: Version: 0.3-a-155-g5e7d8dd
     0 | D:1      | 0 ||| qw: Game counter: 77
     0 | D:1      | 0 ||| qw: Melee chars always use a shield: true
     0 | D:1      | 0 ||| qw: God list: Okawaru
     0 | D:1      | 0 ||| qw: Allow faded altars: false
     0 | D:1      | 0 ||| qw: Do Orc after clearing Dungeon:15 true
     0 | D:1      | 0 ||| qw: Do second Lair branch before Depths: true
     0 | D:1      | 0 ||| qw: Lair rune preference: random
     0 | D:1      | 0 ||| qw: Goals: Normal
     0 | D:1      | 0 ||| PLANNING D:1-11
   433 | D:1      | Reached skill level 4 in Ranged Weapons
   667 | D:1      | 667 ||| UPGRADING to +6 ring of dexterity.
   668 | D:1      | 668 ||| READING scroll labelled FEYSKAVVEUC.
   671 | D:1      | 671 ||| READING scroll labelled CAEXOT FACON.
   772 | D:1      | 772 ||| DROPPING scroll of butterflies.
   875 | D:2      | Reached XP level 2. HP: 24/24 MP: 4/4
  1104 | D:2      | 1104 ||| RETREEEEATING.
  1394 | D:2      | Noticed a Brimstone Fiend
  1397 | D:2      | 1397 ||| UPGRADING to +0 ring mail.
  1407 | D:2      | 1407 ||| DROPPING +0 leather armour.
  1408 | D:2      | 1408 ||| READING scroll labelled DESI QAINNYNA.
  1409 | D:2      | 1409 ||| READING scroll labelled YWI KOTYHEUZU.
  1409 | D:2      | 1409 ||| IDENTIFYING bubbling silvery potion
  1410 | D:2      | 1410 ||| DROPPING potion of invisibility.
  1505 | D:3      | Reached XP level 3. HP: 29/29 MP: 5/5
  2027 | D:3      | 2027 ||| UPGRADING to +2 pair of gloves.
  2032 | D:3      | 2032 ||| READING scroll of identify.
  2032 | D:3      | 2032 ||| IDENTIFYING 2 emerald potions
  2033 | D:3      | 2033 ||| READING scroll labelled FEGISIL WUZI.
  2034 | D:3      | 2034 ||| DRINKING 2 green potions.
  2108 | D:4      | Reached skill level 5 in Ranged Weapons
  2111 | D:4      | Found a runed translucent gate.
  2115 | D:4      | Found Etull's Weapon Shop.
  2123 | D:4      | 2123 ||| SHOPLISTING +0 orcbow of the Living Dead {freeze,
                  | rN+ Str+5} (280 gold, have 142).
  2127 | D:4      | Found a runed translucent gate.
  2127 | D:4      | Found a runed translucent gate.
  2131 | D:4      | Noticed qw's ghost (amateur GrHu)
  2132 | D:4      | Noticed a wight
  2223 | D:4      | 2223 ||| RETREEEEATING.
  2225 | D:4      | 2225 ||| RETREEEEATING.
  2226 | D:4      | 2226 ||| RETREEEEATING.
  2230 | D:4      | Reached XP level 4. HP: 25/36 MP: 6/6
  2234 | D:4      | Reached skill level 1 in Armour
  2660 | D:4      | 2660 ||| UPGRADING to +0 cloak.
  2665 | D:4      | 2665 ||| READING scroll labelled SUPPURR JUIDD.
  2666 | D:4      | 2666 ||| DRINKING 2 glowing clear potions.
  2668 | D:4      | 2668 ||| Stepping ~*~*~tactically~*~*~ (cloud).
  2780 | D:5      | Entered Level 5 of the Dungeon
  2780 | D:5      | Noticed Eustachio
  2784 | D:5      | 2784 ||| RETREEEEATING.
  2792 | D:5      | Reached XP level 5. HP: 39/41 MP: 7/7
  2812 | D:5      | 2812 ||| FLEEEEING.
  2813 | D:5      | 2813 ||| STAIRDANCE
  2890 | D:5      | 2890 ||| STAIRDANCE
  2895 | D:4      | Killed Eustachio
  2896 | D:4      | Reached skill level 6 in Ranged Weapons
  2934 | D:5      | Noticed a black bear
  2941 | D:5      | Killed a black bear
  2942 | D:5      | Reached skill level 3 in Fighting
  2942 | D:5      | Reached XP level 6. HP: 51/51 MP: 8/8
  2992 | D:5      | 2992 ||| RETREEEEATING.
  2994 | D:5      | 2994 ||| RETREEEEATING.
  3000 | D:5      | HP: 11/51 [black bear (6)]
  3000 | D:5      | HP: 5/51 [orc/+0 hand axe (3)]
  3001 | D:5      | 3001 ||| READING 2 scrolls of teleportation.
  3003 | D:5      | 3003 ||| RETREEEEATING.
  3003 | D:5      | Found a staircase to the Ecumenical Temple.
  3004 | D:5      | 3004 ||| READING scroll of teleportation.
  3004 | D:5      | HP: 1/51 [gnoll/+0 flail[a gnoll sergeant] (4)]
  3005 | D:5      | Mangled by a gnoll

Levels and vault maps discovered:
D:1:      psy_arrival_basics, layout_basic, wad_floor_pattern_untrapped
D:2:      layout_loops_ring, dreamdust_ecumenical_altar_sealed_demon,
          basic_altar
D:3:      layout_loops_cross, mainiacjoe_overflow_concentric_impassable,
          yredelemnul_altar_generic
D:4:      layout_basic, serial_shops, nicolae_shop_tiny_statue_garden,
          gammafunk_ghost_split
D:5:      layout_cave_pools, mainiacjoe_overflow_catwalk,
          minmay_temple_entry_wispy, serial_column_ruins,
          column_ruins_open_tiny, column_ruins_corridor_dead_end,
          column_ruins_open_tiny, column_ruins_corridor_straight,
          column_ruins_open_tiny, column_ruins_columns_corner, serial_shops,
          shop, uniq_eustachio

Skill      XL: |  1  2  3  4  5 |
---------------+----------------+-----
Ranged Weapons | 4 5 6 |  6.5
Fighting       | 2 3 |  3.0
Dodging        | 2 |  2.4
Armour         | 1 |  1.2
Stealth        | |  0.8

Action                     |  1- 3 |  4- 6 || total
---------------------------+-------+-------++-------
   Fire: Shortbow          |   108 |    97 ||   205
    Use: Scroll            |     6 |     3 ||     9
         Potion            |     1 |     1 ||     2
 Armour: Leather armour    |     4 |       ||     4
         Ring mail         |    14 |    64 ||    78
  Dodge: Dodged            |    19 |    39 ||    58

Table legend:
 A = Non-vault XP
 B = Vault XP
 C = Vault XP percentage of total XP
 D = Non-vault monster count
 E = Vault monster count
 F = Vault count percentage of total count
                 A         B        C        D         E       F
            +---------+---------+-------+---------+---------+-------
      Total |     439 |     188 |  30.0 |      61 |       1 |   1.6
            +---------+---------+-------+---------+---------+-------
        D:1 |      10 |       0 |   0.0 |       6 |       0 |   0.0
        D:2 |      28 |       0 |   0.0 |      15 |       0 |   0.0
        D:3 |      47 |       0 |   0.0 |      19 |       0 |   0.0
        D:4 |     125 |     188 |  60.1 |      16 |       1 |   5.9
        D:5 |     229 |       0 |   0.0 |       5 |       0 |   0.0
            +---------+---------+-------+---------+---------+-------
